AoeStats
← Mr. Penis

Arena

508621873Analyzed
4v4 RM · 8d ago on Sep 23, 2026· 50m 9s· 8 players
Game mode
Random Map
Map size
Large (8 player)
Population
200
Speed
Normal
Resources
Standard
Victory
Conquest
Starting age
Dark Age
Ending age
Imperial Age
RankedLock teamsTeams togetherTeam positionsShared explorationLock speedFull tech treeHidden civsTurbo modeCheats
Victory
Defeat
🇺🇸 Saxons · United States
1283
+13
🇨🇳 Bengalis · China
1265
+14
🇧🇩 Turks · Bangladesh
1259
+14
🇷🇺 Jurchens · Russia
1240
+15
🇹🇼 Persians · Taiwan
1258
-16
1221
-14
🇨🇳 Saxons · China
1199
-13
🇹🇷 Huns · Türkiye
1192
-13
SlyFever
5:52 Loom
8:25 Feudal Age
10:46 Fletching
12:43 Arson
14:07 Man-at-Arms
22:58 Castle Age
21:08 Horse Collar
21:20 Double-Bit Axe
22:27 Gold Mining
29:37 Imperial Age
27:10 Murder Holes
27:41 Bodkin Arrow
28:36 Ballistics
29:22 Bow Saw
29:41 Scale Mail Armor
38:00 Two-Man Saw
37:01 Heavy Plow
38:38 Crop Rotation
38:56 Wheelbarrow
38:06 Town Watch
40:33 Hand Cart
41:22 Gold Shaft Mining
40:38 Stone Mining
40:52 Stone Mining
41:22 Chain Mail Armor
41:17 Forging
43:56 Illumination
43:47 Block Printing
44:08 Theocracy
43:54 Sanctity
43:45 Redemption
45:24 Plate Mail Armor
45:29 Iron Casting
45:33 Clerical Recruitment
46:04 Pikeman
46:45 Squires
chengaopeng044
0:36 Loom
0:36 Loom
10:47 Feudal Age
14:18 Castle Age
12:16 Double-Bit Axe
14:00 Bloodlines
19:49 Wheelbarrow
19:43 Scale Barding Armor
20:07 Town Watch
22:07 Hand Cart
22:39 Bow Saw
23:29 Horse Collar
24:30 Heavy Plow
25:28 Gold Mining
25:55 Forging
26:11 Stone Mining
35:24 Imperial Age
33:44 Husbandry
34:22 Iron Casting
33:46 Fletching
34:18 Kamandaran
34:59 Gold Shaft Mining
36:04 Conscription
35:10 Heavy Camel Rider
37:34 Crop Rotation
37:19 Crossbowman
38:17 Bodkin Arrow
39:32 Blast Furnace
38:08 Light Cavalry
38:20 Elite Skirmisher
40:30 Two-Man Saw
40:48 Chemistry
41:36 Ballistics
41:38 Chain Barding Armor
41:20 Padded Archer Armor
44:24 Plate Barding Armor
44:06 Leather Archer Armor
45:46 Ring Archer Armor
ABCD
9:31 Feudal Age
11:35 Loom
15:23 Castle Age
13:50 Fletching
14:12 Double-Bit Axe
17:25 Padded Archer Armor
20:43 Leather Archer Armor
20:28 Bodkin Arrow
20:51 Horse Collar
23:49 Bow Saw
23:45 Gold Mining
25:32 Wheelbarrow
25:15 Heavy Plow
26:03 Stone Mining
29:23 Hand Cart
31:41 Gold Shaft Mining
33:37 Ballistics
36:46 Imperial Age
34:56 Leather Archer Armor
36:20 Thumb Ring
36:32 Elite Skirmisher
38:38 Two-Man Saw
38:58 Chemistry
38:09 Bracer
41:15 Bloodlines
41:06 Husbandry
41:17 Town Watch
42:25 Scale Barding Armor
42:31 Forging
重案组之虎曹达华JESSEJAMES
10:49 Feudal Age
12:06 Double-Bit Axe
12:03 Horse Collar
17:04 Castle Age
16:50 Wheelbarrow
18:12 Bow Saw
18:05 Heavy Plow
17:54 Loom
20:06 Stone Mining
20:31 Gold Mining
24:05 Hand Cart
28:23 Imperial Age
26:48 Scale Mail Armor
27:36 Scale Barding Armor
28:10 Fletching
29:56 Conscription
29:42 Bodkin Arrow
31:21 Chemistry
30:42 Ballistics
31:20 Gold Shaft Mining
31:01 Double Crossbow
31:26 Bracer
31:58 Heavy Scorpion
33:11 Chain Mail Armor
33:22 Forging
33:26 Pikeman
35:31 Iron Casting
35:20 Halberdier
38:34 Blast Furnace
Pinzon
11:02 Feudal Age
11:06 Feudal Age
12:33 Double-Bit Axe
15:26 Castle Age
14:02 Horse Collar
16:47 Bow Saw
16:44 Heavy Plow
19:24 Wheelbarrow
19:53 Loom
23:21 Squires
23:22 Scale Mail Armor
23:33 Forging
23:09 Gambesons
23:47 Gold Mining
26:25 Arson
31:53 Imperial Age
30:36 Chain Mail Armor
31:22 Iron Casting
32:32 Elite Varangian Guard
32:39 Shield Wall
33:30 Capped Ram
34:35 Siege Ram
40:01 Hand Cart
40:21 Plate Mail Armor
43:00 Two-Man Saw
42:15 Siege Engineers
45:00 Gold Shaft Mining
Gunslinger
11:07 Feudal Age
11:53 Double-Bit Axe
14:59 Castle Age
18:56 Horse Collar
21:30 Stone Mining
23:24 Gold Mining
24:33 Wheelbarrow
26:18 Hand Cart
28:08 Gold Shaft Mining
29:28 Heavy Plow
33:17 Imperial Age
32:03 Fletching
32:13 Padded Archer Armor
33:28 Elite Janissary
34:07 Bodkin Arrow
34:27 Leather Archer Armor
34:41 Bow Saw
36:03 Bracer
37:21 Ballistics
38:17 Ring Archer Armor
38:38 Artillery
39:40 Bombard Tower
Gimme pocket or quit
10:31 Feudal Age
14:38 Castle Age
17:42 Loom
18:33 Wheelbarrow
19:54 Double-Bit Axe
20:15 Horse Collar
21:55 Town Watch
24:42 Stone Mining
26:46 Heavy Plow
27:21 Gold Mining
29:26 Hand Cart
30:00 Gold Shaft Mining
31:43 Bow Saw
35:56 Imperial Age
33:34 Padded Archer Armor
33:25 Fletching
34:57 Leather Archer Armor
37:40 Conscription
37:43 Siege Engineers
37:14 Onager
39:38 Chemistry
38:50 Elite Elephant Archer
40:01 Husbandry
40:11 Bloodlines
41:38 Ballistics
41:30 Paiks
42:02 Bodkin Arrow
42:58 Leather Archer Armor
46:21 Bracer
47:20 Ring Archer Armor
50:00 Devotion
Mr. Penis
10:51 Feudal Age
12:03 Double-Bit Axe
12:20 Horse Collar
15:17 Castle Age
17:04 Bow Saw
18:09 Fervor
19:29 Sanctity
22:34 Fortified Wall
22:52 Gold Mining
23:14 Heavy Plow
24:25 Loom
25:15 Wheelbarrow
24:26 Town Watch
29:28 Imperial Age
27:13 Hand Cart
26:58 Town Patrol
29:14 Town Patrol
30:36 Gold Shaft Mining
29:51 Stone Mining
30:29 Bloodlines
31:02 Husbandry
31:59 Crop Rotation
32:30 Two-Man Saw
32:16 Scale Barding Armor
32:22 Forging
33:15 Elite Steppe Lancer
34:52 Fortified Bastions
35:30 Stone Shaft Mining
35:49 Masonry
36:01 Ballistics
36:56 Chain Barding Armor
37:12 Iron Casting
38:22 Plate Barding Armor
38:48 Conscription
42:57 Hoardings
44:06 Siege Engineers
47:19 Blast Furnace
46:10 Fletching
46:35 Guilds
46:55 Coinage
46:26 Caravan
48:57 Architecture
48:13 Arrowslits
49:29 Chemistry
48:09 Treadmill Crane
48:25 Murder Holes
49:38 Banking
Connection lost

Rejoining the realm…

Still unreachable

The connection could not be restored.

Session expired

The server has moved on; the page needs a fresh start.